Map: Oxide LE

Players

Serral - Winner!

  • Race: Zerg Zerg
  • League: Grandmaster

SortOf

  • Race: Zerg Zerg
  • League: Master

Event: DreamHack SC2 Masters 2021 Summer

VOD

Have the link to the VOD?

Description

Time

  • Played on: May 29, 2021, 12:38 p.m.
  • Length: 7:09

All games in this series

Show
View Real Time Build Order
Export as new Build Order

Serral Zerg - Winner!

Build Orders: Hatch First 

Get SALT Encoding   

  12  0:01  Drone  
  13  0:12  Overlord  
  13  0:16  Drone  
  14  0:30  Drone x2  
  16  0:47  Hatchery  
  15  0:51  Drone  
  15  0:54  Drone  
  17  0:57  Drone  
  18  1:08  Extractor  
  17  1:13  Spawning Pool  
  17  1:15  Drone  
  17  1:19  Drone  
  18  1:27  Drone  
  19  1:38  Drone  
  20  1:49  Drone  
  21  1:59  Queen x2  
  21  2:00  Zergling x2  
  21  2:01  Overlord  
  26  2:08  Metabolic Boost  
  26  2:10  Drone  
  26  2:11  Drone  
  28  2:21  Drone x2  
  30  2:33  Hatchery  
  29  2:37  Overlord  
  29  2:40  Zergling x2  
  29  2:43  Zergling x2  
  32  2:44  Zergling x2  
  31  2:53  Zergling x2  
  31  2:54  Zergling x2  
  33  3:03  Zergling x2, Evolution Chamber  
  33  3:05  Zergling x2  
  34  3:08  Zergling x6  
  34  3:10  Zergling x2  
  34  3:11  Zergling x4  
  40  3:19  Overlord  
  40  3:20  Zergling x2  
  41  3:28  Zerg Ground Armor Level 1  
  41  3:32  Drone x2  
  43  3:41  Drone x4  
  46  3:42  Drone  
  46  3:45  Drone  
  46  3:47  Drone  
  47  3:50  Drone  
  47  3:53  Drone  
  47  3:54  Drone  
  46  4:07  Roach Warren, Queen  
  46  4:10  Drone x2  
  46  4:13  Drone x2  
  46  4:17  Extractor  
  48  4:20  Drone x3  
  48  4:22  Overlord  
  51  4:26  Zergling x4  
  52  4:32  Lair  
  52  4:34  Zergling x4  
  54  4:43  Drone x3  
  54  4:46  Drone x5  
  54  4:50  Overlord  
  54  4:52  Zergling x4  
  60  4:55  Zergling x4  
  62  5:01  Overlord  
  62  5:02  Zergling x2  
  63  5:08  Zergling x4  
  63  5:10  Overlord  
  65  5:18  Roach  
  65  5:19  Roach x3  
  73  5:26  Extractor x2, Overlord  
  70  5:29  Drone x2  
  70  5:30  Drone  
  70  5:31  Roach x4  
  70  5:35  Overlord  
  81  5:44  Overlord  
  81  5:46  Drone x4  
  81  5:48  Roach  
  81  5:49  Roach  
  89  5:51  Overlord  
  89  5:58  Roach  
  89  6:02  Spine Crawler  
  89  6:03  Roach x2  
  94  6:06  Roach  
  94  6:08  Roach  
  100  6:11  Roach  
  100  6:12  Roach  
  100  6:13  Overlord  
  100  6:17  Roach x2  
  106  6:25  Spine Crawler, Roach  
  106  6:26  Roach x2  
  106  6:31  Roach x2  
  114  6:36  Roach x2  
  116  6:41  Roach  
  116  6:42  Roach x2  
  121  6:49  Roach x3  
Show
View Real Time Build Order
Export as new Build Order

SortOf Zerg 

Build Orders: Hatch First 

Get SALT Encoding   

  12  0:00  Drone  
  13  0:13  Overlord  
  13  0:16  Drone  
  14  0:32  Drone x2  
  16  0:47  Hatchery  
  15  0:50  Drone  
  15  0:54  Drone  
  17  0:57  Drone  
  18  1:08  Extractor  
  17  1:13  Spawning Pool  
  17  1:16  Drone  
  17  1:19  Drone  
  18  1:29  Drone  
  20  1:40  Drone  
  20  1:51  Drone  
  21  1:54  Evolution Chamber  
  21  1:59  Queen x2  
  21  2:00  Drone  
  25  2:02  Drone  
  26  2:11  Overlord  
  26  2:13  Drone  
  27  2:19  Zerg Missile Weapons Level 1  
  27  2:23  Zergling x2  
  28  2:31  Drone  
  28  2:32  Drone  
  28  2:34  Drone  
  28  2:35  Queen  
  33  2:42  Drone  
  34  2:52  Evolution Chamber  
  34  2:56  Drone x2  
  35  2:58  Lair  
  35  2:59  Overlord  
  35  3:07  Roach Warren  
  35  3:09  Drone x2  
  36  3:18  Drone x4  
  40  3:24  Drone x2  
  42  3:29  Evolution Chamber  
  41  3:34  Extractor x2, Drone  
  41  3:39  Drone  
  40  3:42  Evolution Chamber  
  40  3:46  Evolution Chamber  
  40  3:47  Drone x2  
  40  3:49  Drone x2  
  40  3:51  Drone  
  41  4:04  Evolution Chamber  
  41  4:05  Roach x2  
  41  4:06  Roach Warren  
  43  4:16  Overlord  
  43  4:17  Zerg Missile Weapons Level 2  
  43  4:18  Overlord  
  43  4:19  Overlord  
  43  4:22  Drone  
  44  4:27  Overlord  
  44  4:31  Overlord  
  44  4:33  Overlord  
  42  4:47  Roach x3  
  42  4:52  Roach x2  
  52  4:55  Roach  
  52  4:59  Roach  
  56  5:00  Roach  
  56  5:05  Roach  
  60  5:11  Roach x2  
  60  5:13  Glial Reconstitution  
  68  5:21  Roach x2  
  68  5:24  Roach  
  70  5:28  Roach  
  70  5:29  Roach  
  74  5:37  Roach x2  
  78  5:44  Roach  
  78  5:45  Roach x2  
  78  5:48  Overlord  
  84  5:52  Roach  
  84  5:55  Roach  
  88  6:00  Roach  
  88  6:02  Overlord  
  90  6:06  Roach  
  92  6:11  Roach x2  
  96  6:20  Evolution Chamber  
  96  6:22  Roach x2  
  96  6:25  Evolution Chamber  
  99  6:26  Roach  
  99  6:30  Roach x2  
  105  6:34  Roach  
  105  6:39  Ravager  
  108  6:40  Overlord  
  108  6:42  Overlord  
  104  6:49  Roach x2  
Tags
 
Add a new tag
Caveats
  • Supply blocks, unpowered buildings, or Contaminate may cause inaccurate times.
  • Supply counts are checked every 10 seconds.